 Dungeon Crawl Stone Soup version 0.21.1-1-g345015f (webtiles) character file.

355 Amnesiac the Grave Robber (level 6, -2/44 HPs)
             Began as a Mummy Necromancer on Mar 13, 2018.
             Slain by a gnoll
             ... wielding a +0 spear
              (7 damage)
             ... on level 4 of the Dungeon.
             The game lasted 00:05:27 (3793 turns).

Amnesiac the Grave Robber (Mummy Necromancer)       Turns: 3793, Time: 00:05:28

Health: -2/44      AC:  3    Str: 11    XL:     6   Next: 36%
Magic:  6/12       EV: 13    Int: 16    God:
Gold:   163        SH:  0    Dex: 13    Spells: 9/13 levels left

rFire    x . .     SeeInvis .   f - +1 hunting sling
rCold    + . .     Gourm    .   (no shield)
rNeg     + + +     Faith    .   h - +0 robe
rPois    ∞         Spirit   .   l - +0 helmet
rElec    .         Reflect  .   (no cloak)
rCorr    .         Harm     .   (no gloves)
MR       .....                  (no boots)
Stlth    ++........             (no amulet)
HPRegen  0.14/turn              (no ring)
MPRegen  0.13/turn              (no ring)

@: no status effects
A: no food or potions, fire vulnerability, cold resistance 1, negative energy
resistance 3, torment resistance, unbreathing
a: no special abilities


You were on level 4 of the Dungeon.
You were not hungry.

You visited 1 branch of the dungeon, and saw 4 of its levels.

You collected 163 gold pieces.

Inventory:

Hand Weapons
 f - a +1 hunting sling (weapon)
Missiles
 c - 9 sling bullets (quivered)
 e - 77 stones
 j - 7 needles of confusion
Armour
 h - a +0 robe (worn)
 l - a +0 helmet (worn)
Wands
 i - a wand of digging (11)
Scrolls
 a - 2 scrolls of enchant armour {!r}
 d - a scroll of remove curse {!r}
 g - 3 scrolls of teleportation {!r, unknown}
 k - a scroll of random uselessness {!r, unknown}
 m - a scroll of identify {!r}
Books
 b - a book of Necromancy

   Spells                             Type                      Level
   a - Pain                           Necromancy                   1
   b - Animate Skeleton               Necromancy                   1
   c - Vampiric Draining              Necromancy                   3
   d - Regeneration                   Charms/Necromancy            3
   e - Animate Dead                   Necromancy                   4
   f - Borgnjor's Vile Clutch         Necromancy/Earth             5


   Skills:
 - Level 2.0 Fighting
 - Level 3.0 Dodging
 - Level 1.5 Stealth
 + Level 4.4 Spellcasting
 * Level 5.8 Necromancy


You had 9 spell levels left.
You knew the following spells:

 Your Spells              Type           Power        Failure   Level  Hunger
a - Pain                  Necr           ###.         1%          1    N/A
d - Vampiric Draining     Necr           ###.......   4%          3    N/A

Dungeon Overview and Level Annotations

Branches:
Dungeon (4/15)
 Temple: D:4-7

Altars:
Fedhas
Gozag
Uskayaw

Annotations:
D:3 baljet's ghost, amateur HOFi


Innate Abilities, Weirdness & Mutations

You do not eat or drink.
Your flesh is vulnerable to fire.
You are immune to poison.
Your flesh is cold resistant. (rC+)
You are immune to negative energy. (rN+++)
You are immune to unholy pain and torment.
You can survive without breathing.


Message History

Press: ? - help, Shift-Dir - straight line, f - gnoll
Aim: a gnoll, wielding a halberd You shoot a sling bullet.
The sling bullet hits the gnoll.
The gnoll is lightly wounded.
Firing (i - inventory. (,) - cycle):
c - 14 sling bullets (quivered)
Press: ? - help, Shift-Dir - straight line, f/p - gnoll
Aim: a gnoll, wielding a halberd (lightly wounded)
You shoot a sling bullet. The sling bullet hits the gnoll.
The gnoll is moderately wounded.
Firing (i - inventory. (,) - cycle):
c - 13 sling bullets (quivered)
Press: ? - help, Shift-Dir - straight line, f/p - gnoll
Aim: a gnoll, wielding a halberd (moderately wounded)
You shoot a sling bullet. The gnoll shouts!
The sling bullet hits the gnoll!
The gnoll is almost dead.
Firing (i - inventory. (,) - cycle):
c - 12 sling bullets (quivered)
Press: ? - help, Shift-Dir - straight line, f/p - gnoll
Aim: a gnoll, wielding a halberd (almost dead)
You shoot a sling bullet.
The sling bullet barely misses the gnoll.
The sling bullet hits the gnoll but does no damage.
The gnoll hits you from afar with a halberd!
Firing (i - inventory. (,) - cycle):
c - 11 sling bullets (quivered)
Press: ? - help, Shift-Dir - straight line, f/p - gnoll
Aim: a gnoll, wielding a halberd (almost dead)
You shoot a sling bullet.
The sling bullet barely misses the gnoll.
The gnoll shouts!
The gnoll hits you from afar with a halberd!
* * * LOW HITPOINT WARNING * * *
A frilled lizard and an adder come into view.
Firing (i - inventory. (,) - cycle):
c - 10 sling bullets (quivered)
Press: ? - help, Shift-Dir - straight line, f/p - gnoll
Aim: a gnoll, wielding a halberd (almost dead)
You shoot a sling bullet. The frilled lizard hisses angrily.
The adder hisses angrily.
The sling bullet hits the gnoll!
You kill the gnoll!
The gnoll hits you from afar with a spear.
* * * LOW HITPOINT WARNING * * *
Casting: Vampiric Draining
Confirm with . or Enter, or press ? or * to list all spells.
You can't see any susceptible monsters within range! (Use Z to cast anyway.)
Casting: Vampiric Draining
Confirm with . or Enter, or press ? or * to list all spells.
Aiming: Vampiric Draining
Press: ? - help, Shift-Dir - straight line, f - adder
Aim: an adder The adder is heavily wounded.
You feel life coursing into your body. The adder bites you.
* * * LOW HITPOINT WARNING * * *
The gnoll hits you from afar with a spear.
* * * LOW HITPOINT WARNING * * *
The gnoll closely misses you.
Casting: Vampiric Draining
Confirm with . or Enter, or press ? or * to list all spells.
Aiming: Vampiric Draining
Press: ? - help, Shift-Dir - straight line, f/p - adder
Aim: an adder (heavily wounded)
The adder is severely wounded.
You feel life coursing into your body. The adder completely misses you.
The gnoll hits you from afar with a spear!
You die...

#......# #......# #......#
##....## ####...)# ####
##.......####
#...##..##.......#.
#.....##...>##.... .#
##..gS@g......#... .## #
#.l####....#.##.. ..##.. .
#...# #.).##....
#.......#....#.####......##
...#.l.....###.g...........
.....##......[###S....##.?.
.....##..####...(.#...# .#
ggg..#... ##.((g....(....
o....#.. #..(#(.#..#.##


You could see 2 gnolls, an adder and a frilled lizard.

Vanquished Creatures
  Sigmund (D:4)
  Blork the orc (D:4)
  Jessica (D:2)
  2 gnolls (D:4)
  3 adders
  An ooze (D:1)
  A worm (D:2)
  A dart slug (D:1)
  2 leopard geckos
  4 giant cockroaches
  10 goblins
  4 hobgoblins
  2 jackals (D:1)
  9 kobolds
  A quokka (D:3)
  A ball python (D:2)
  6 bats
  6 frilled lizards
  5 rats
61 creatures vanquished.

Notes
Turn   | Place    | Note
-------+----------+-------------------------------------------
     0 | D:1      | Amnesiac the Mummy Necromancer began the quest for the Orb.
     0 | D:1      | Reached XP level 1. HP: 13/13 MP: 4/4
   617 | D:1      | Reached XP level 2. HP: 3/20 MP: 0/5
   838 | D:1      | Reached skill level 1 in Fighting
  1069 | D:1      | Reached XP level 3. HP: 6/26 MP: 0/7
  1271 | D:1      | Learned a level 3 spell: Vampiric Draining
  1570 | D:2      | Noticed Jessica
  1580 | D:2      | Killed Jessica
  1901 | D:2      | Found a blossoming altar of Fedhas.
  1902 | D:2      | Found a hide-covered altar of Uskayaw.
  1974 | D:2      | Reached XP level 4. HP: 33/33 MP: 4/8
  1981 | D:2      | Found an opulent altar of Gozag.
  2944 | D:3      | Noticed baljet's ghost (amateur HOFi)
  3451 | D:4      | Noticed a phantom
  3502 | D:4      | Noticed Sigmund
  3551 | D:4      | Killed Sigmund
  3551 | D:4      | Reached skill level 5 in Necromancy
  3551 | D:4      | Reached XP level 5. HP: 10/38 MP: 0/11
  3551 | D:4      | Reached XP level 6. HP: 12/44 MP: 0/12
  3702 | D:4      | Noticed Blork the orc
  3714 | D:4      | Killed Blork the orc
  3793 | D:4      | Slain by a gnoll

Skill      XL: |  1  2  3  4 |
---------------+-------------+-----
Dodging        | 2 3 |  3.0
Fighting       | 1 2 |  2.0
Spellcasting   | 4 |  4.4
Necromancy     | 5 |  5.8
Stealth        | |  1.5

Action                   |  1- 3 |  4- 6 || total
-------------------------+-------+-------++-------
Melee: Mace              |    54 |       ||    54
       Unarmed           |     8 |       ||     8
       Short sword       |     3 |       ||     3
       Dagger            |     6 |       ||     6
 Fire: Hunting sling     |     1 |    65 ||    66
 Cast: Pain              |    44 |    22 ||    66
       Vampiric Draining |       |     7 ||     7
  Use: Scroll            |     1 |     4 ||     5
 Stab: Sleeping          |     3 |       ||     3
Armor: Robe              |    27 |       ||    27
Dodge: Dodged            |    59 |    22 ||    81
